 Dungeon Crawl Stone Soup version 0.19-a0-599-g723c685 (webtiles) character file.

9 Laraso the Vexing (level 2, -3/15 HPs)
             Began as a Deep Elf Enchanter on June 11, 2016.
             Slain by a kobold
             ... wielding a +1 whip of electrocution
              (14 damage)
             ... on level 1 of the Dungeon.
             The game lasted 00:00:45 (165 turns).

Laraso the Vexing (Deep Elf Enchanter)               Turns: 165, Time: 00:00:45

Health: -3/15      AC:  3    Str:  5    XL:     2   Next: 3%
Magic:  5/8        EV: 13    Int: 19    God:
Gold:   10         SH:  0    Dex: 15    Spells: 1 memorised, 6 levels left

rFire  . . .     SeeInvis .     a - +1 dagger
rCold  . . .     Gourm    .     b - +1 robe
rNeg   . . .     Faith    .     (no shield)
rPois  .         Spirit   .     (no helmet)
rElec  .         Dismiss  .     (no cloak)
rCorr  .         Reflect  .     (no gloves)
SustAt .         Harm     .     (no boots)
MR     .....                    (no amulet)
Stlth  ++........               (no ring)
                                (no ring)

@: not resistant to hostile enchantments, unstealthy
A: no striking features
a: no special abilities


You were on level 1 of the Dungeon.
You were not hungry.

You visited 1 branch of the dungeon, and saw 1 of its levels.

You collected 10 gold pieces.

Inventory:

Hand Weapons
 a - a +1 dagger (weapon)
Armour
 b - a +1 robe (worn)
Scrolls
 e - 2 scrolls of random uselessness {unknown}
Books
 c - a book of Maledictions

   Spells                             Type                      Level
   a - Corona                         Hexes                        1
   b - Ensorcelled Hibernation        Hexes/Ice                    2
   c - Confuse                        Hexes                        3
   d - Tukima's Dance                 Hexes                        3
   e - Dazzling Spray                 Conjuration/Hexes            3
Comestibles
 d - a bread ration
 f - 6 chunks of flesh


   Skills:
 - Level 1.0 Short Blades
 - Level 2.4 Dodging
 - Level 3.6 Stealth
 - Level 3.0 Spellcasting
 * Level 4.8 Hexes


You had 6 spell levels left.
You knew the following spells:

 Your Spells              Type           Power        Failure   Level  Hunger
a - Corona                Hex            ###....      1%          1    None


Dungeon Overview and Level Annotations

Branches:
Dungeon (1/15)

Altars:


Message History

f - 4 chunks of flesh (gained 1)
Okay, then.
Found 9 poisoned needles.
A hobgoblin comes into view.
The hobgoblin shouts!
A kobold comes into view.
There are monsters nearby!
There are monsters nearby!
There are monsters nearby!
A goblin comes into view.
Found a club, a scroll labeled QAZAEM MUARR and a short sword.
Unknown command.
The kobold shouts!
Aim: a hobgoblin (chance to defeat MR: 86%)
The hobgoblin is outlined in light.
The goblin shouts!
You now have 5/6 mp.
You hit the hobgoblin. The hobgoblin hits you.
You take 1 damage, and have 9/10 hp.
You hit the hobgoblin but do no damage. The hobgoblin closely misses you.
You hit the hobgoblin. The hobgoblin misses you.
You hit the hobgoblin.
You kill the hobgoblin!
You hit the kobold. The kobold misses you.
Aim: a kobold (moderately wounded, chance to defeat MR: 87%)
The kobold is outlined in light.
The kobold barely misses you.
You now have 4/6 mp.
Unknown command.
You hit the kobold. The kobold closely misses you.
You hit the kobold but do no damage. The kobold closely misses you.
You hit the kobold.
You kill the kobold!
You hit the goblin. The goblin closely misses you.
Aim: a goblin (moderately wounded, chance to defeat MR: 87%)
The goblin is outlined in light.
The goblin misses you.
You now have 4/6 mp.
You barely miss the goblin. The goblin hits you.
You take 1 damage, and have 8/10 hp.
You hit the goblin. You hit the goblin.
You kill the goblin!
You have reached level 2!
You regained 4 hp, and now have 12/15 hp.
Things that are here:
a kobold corpse; a hobgoblin corpse You butcher the hobgoblin corpse.
f - 6 chunks of flesh (gained 2)
Things that are here:
a kobold corpse; a hobgoblin skeleton A kobold comes into view.
It is wielding a whip of electrocution.
A kobold is nearby!
The kobold shouts!
Found 15 bolts.
Aim: a kobold, wielding a whip of electrocution (chance to defeat MR: 88%)
The kobold is outlined in light.
You now have 5/8 mp.
The kobold hits you with a whip of electrocution.
You are electrocuted!
Ouch! That really hurt!
You die...

##..###.##.# +.....#
+.......##+## ###.###
###.###......##
#..##..### #.# #.......
...........
#.###......##############
#..#####.#....(#
##.#####.....#
#..##.?....# ##.##.#@K..#
#.#....##.# #†#..#.#
#....#.# #...).....#..
#........##.##
#........##.#
#.........#.#
#.......#.#.#


You could see a kobold.

Vanquished Creatures
  A giant gecko (D:1)
  2 bats (D:1)
  A goblin (D:1)
  A hobgoblin (D:1)
  A kobold (D:1)
  A rat (D:1)
7 creatures vanquished.

Notes
Turn   | Place    | Note
--------------------------------------------------------------
     0 | D:1      | Laraso the Deep Elf Enchanter began the quest for the Orb.
     0 | D:1      | Reached XP level 1. HP: 10/10 MP: 6/6
   155 | D:1      | Reached XP level 2. HP: 12/15 MP: 5/8
   165 | D:1      | Slain by a kobold

Vault maps used:
D:1:      shiori_arrival_maze, item_on_display_a

Action                   || total
-------------------------++-------
Melee: Dagger            ||    21
 Cast: Corona            ||     4
 Stab: Sleeping          ||     2
Armor: Robe              ||     5
Dodge: Dodged            ||    12

Table legend:
 A = Kills in this place as a percentage of kills in entire the game.
 B = Kills by you in this place as a percentage of kills by you in the entire game.
 C = Kills by friends in this place as a percentage of kills by friends in the entire game.
 D = Other kills in this place as a percentage of other kills in the entire game.
 E = Experience gained in this place as a percentage of experience gained in the entire game.
 F = Experience gained in this place divided by the number of levels of this place that you have seen.
                   A       B       C       D       E      F
               +-------+-------+-------+-------+-------+----------------------
         Total | 100.0 | 100.0 |  -nan |  -nan | 100.0 |  13.0
       Dungeon | 100.0 | 100.0 |  -nan |  -nan | 100.0 |  13.0
               +-------+-------+-------+-------+-------+----------------------

Table legend:
 A = Turns spent in this place as a percentage of turns spent in the entire game.
 B = Non-inter-level travel turns spent in this place as a percentage of non-inter-level travel turns spent in the entire game.
 C = Inter-level travel turns spent in this place as a percentage of turns spent in this place.
 D = Turns resting spent in this place as a percentage of non-inter-level travel turns spent in this place.
 E = Turns spent auto-exploring this place as a percentage of non-inter-level travel turns spent in this place.
 F = Non-inter-level travel turns spent in this place divided by the number of levels of this place that you've seen.
                   A       B       C       D       E      F
               +-------+-------+-------+-------+-------+----------------------
         Total | 100.0 | 100.0 |   0.0 |   2.0 |   5.0 | 101.0
       Dungeon | 100.0 | 100.0 |   0.0 |   2.0 |   5.0 | 101.0
               +-------+-------+-------+-------+-------+----------------------

Vault maps used:
D:1:      shiori_arrival_maze, item_on_display_a
